Map: Dreamcatcher LE

Players

Denver - Winner!

  • Race: Zerg Zerg
  • Spawn Location: 11:00

soul

  • Race: Terran Terran
  • Spawn Location: 5:00

Event: WCS Valencia 2018

VOD

Have the link to the VOD?

Description

Time

  • Played on: July 12, 2018, 11 a.m.
  • Length: 13:23

All games in this series

Show
View Real Time Build Order
Export as new Build Order

Denver Zerg - Winner!

Build Orders: Pool First 

Get SALT Encoding   

  12  0:00  Drone  
  13  0:12  Overlord  
  13  0:17  Drone  
  14  0:30  Drone x2  
  14  0:34  Drone  
  17  0:44  Spawning Pool  
  17  0:47  Drone  
  17  1:09  Hatchery  
  16  1:11  Drone  
  16  1:14  Drone  
  18  1:21  Drone  
  19  1:25  Extractor  
  19  1:31  Queen  
  19  1:32  Zergling x2  
  21  1:40  Overlord  
  21  1:49  Drone  
  22  2:01  Drone  
  23  2:07  Queen  
  25  2:11  Drone  
  26  2:21  Drone  
  27  2:24  Drone  
  27  2:28  Metabolic Boost  
  28  2:35  Drone x2  
  30  2:39  Drone x2  
  30  2:44  Hatchery  
  31  2:47  Drone  
  31  2:49  Drone  
  33  2:54  Overlord  
  34  2:58  Drone  
  34  3:04  Queen  
  36  3:11  Overlord  
  36  3:17  Roach Warren  
  36  3:19  Drone  
  36  3:21  Drone  
  36  3:23  Drone  
  36  3:24  Queen  
  41  3:27  Zergling x2  
  41  3:28  Zergling x2  
  41  3:31  Zergling x2  
  44  3:37  Drone  
  44  3:38  Drone  
  43  3:43  Drone x2  
  44  3:48  Drone  
  44  3:52  Drone  
  44  3:53  Drone x2  
  48  3:58  Overlord  
  48  4:01  Drone x2  
  50  4:04  Drone x2  
  50  4:06  Zergling x2  
  50  4:07  Zergling x2  
  54  4:13  Baneling Nest  
  53  4:17  Zergling x4  
  53  4:18  Zergling x2  
  55  4:24  Zergling x2  
  55  4:25  Zergling x4  
  55  4:28  Drone x2  
  55  4:30  Evolution Chamber  
  59  4:31  Evolution Chamber, Drone  
  59  4:35  Drone x3  
  62  4:38  Overlord  
  62  4:41  Drone x2  
  64  4:51  Drone x3  
  64  4:52  Drone x2  
  63  4:55  Drone x2  
  63  4:57  Overlord  
  65  5:01  Zerg Ground Armor Level 1, Zerg Melee Weapons Level 1  
  65  5:04  Drone x2  
  66  5:09  Spore Crawler, Drone x3  
  66  5:11  Drone  
  66  5:12  Drone  
  68  5:17  Drone  
  64  5:25  Drone x2  
  64  5:26  Queen  
  67  5:31  Drone x6  
  70  5:36  Lair  
  70  5:42  Drone x3  
  73  5:45  Drone x3  
  73  5:49  Extractor  
  75  5:50  Extractor, Overlord, Hatchery  
  75  5:52  Drone  
  75  5:55  Queen  
  76  6:00  Drone x3  
  76  6:03  Overlord  
  79  6:07  Zergling x4  
  79  6:08  Overlord  
  81  6:14  Hatchery  
  81  6:17  Overlord  
  81  6:18  Zergling x4  
  81  6:19  Zergling x6  
  85  6:27  Zergling x6  
  85  6:32  Queen  
  88  6:35  Centrifical Hooks  
  88  6:37  Zergling x4  
  90  6:41  Zergling x2  
  90  6:43  Overlord  
  90  6:44  Extractor  
  90  6:46  Zergling x2  
  92  6:47  Zergling x2  
  92  6:52  Zergling x6  
  95  6:54  Overlord  
  95  6:56  Zergling x4  
  95  6:57  Zergling x2  
  95  6:58  Overlord  
  95  7:00  Baneling  
  95  7:01  Baneling x5  
  98  7:02  Queen x2  
  98  7:08  Zergling x10  
  100  7:12  Zergling x2  
  100  7:13  Zergling x4  
  100  7:16  Zergling x2  
  100  7:17  Zergling x4  
  100  7:19  Zergling x2  
  100  7:22  Queen  
  101  7:26  Zergling x6  
  101  7:27  Zergling x12  
  101  7:29  Queen  
  98  7:37  Zergling x10  
  98  7:42  Zergling x4  
  102  7:48  Zergling x4  
  102  7:49  Queen  
  102  7:50  Zerg Ground Armor Level 2, Zerg Melee Weapons Level 2  
  100  7:53  Drone x4  
  100  7:58  Drone x4  
  107  8:03  Baneling x8  
  102  8:06  Zergling x4  
  102  8:07  Zergling x2  
  102  8:12  Drone x4  
  108  8:19  Drone x6  
  114  8:27  Zergling x2  
  114  8:28  Hydralisk Den, Zergling x8  
  114  8:33  Burrow  
  118  8:38  Zergling x14  
  118  8:40  Overlord  
  125  8:42  Drone x2  
  125  8:47  Infestation Pit  
  125  8:48  Zergling x2  
  125  8:49  Zergling x8  
  125  8:53  Overlord, Baneling x10  
  130  8:55  Overlord  
  130  8:57  Overlord  
  122  9:10  Zergling x2  
  122  9:11  Zergling x22  
  122  9:15  Grooved Spines  
  127  9:20  Hatchery  
  127  9:21  Zergling x2  
  127  9:22  Zergling x10  
  129  9:24  Drone x3  
  132  9:32  Zergling x8  
  132  9:33  Zergling x10  
  134  9:40  Zergling x12  
  140  9:49  Zergling x10  
  140  9:52  Baneling x12  
  145  9:54  Drone x5  
  145  9:55  Drone  
  145  9:56  Extractor  
  145  9:59  Extractor  
  149  10:01  Zergling x12  
  149  10:04  Overlord  
  149  10:06  Overlord  
  155  10:13  Baneling x9  
  155  10:18  Zergling x18  
  155  10:20  Overlord  
  163  10:25  Zergling x12  
  163  10:26  Muscular Augments, Zergling x2  
  163  10:27  Baneling  
  163  10:28  Baneling x4  
  170  10:30  Overlord  
  170  10:34  Overlord  
  168  10:37  Hydralisk x3  
  174  10:46  Hydralisk  
  174  10:47  Hydralisk x3  
  178  10:52  Drone x4  
  178  10:55  Zergling x14  
  187  11:02  Zergling x2  
  187  11:03  Zergling x14  
  191  11:04  Overlord  
  191  11:07  Overlord  
  191  11:11  Baneling x6  
  191  11:12  Baneling x7  
  191  11:16  Overlord  
  191  11:20  Hive  
  191  11:22  Zergling x8  
  191  11:25  Baneling x2  
  195  11:29  Baneling x4  
  187  11:35  Zergling x20  
  177  11:42  Zergling x14  
  177  11:46  Zergling x10  
  163  11:50  Baneling x7  
  163  11:51  Zergling x2, Baneling x2  
  156  11:57  Zergling x12  
  155  12:07  Zergling x20, Hydralisk  
  134  12:11  Zergling x8  
  127  12:17  Hydralisk, Zergling x2  
  127  12:18  Zergling x10  
  127  12:22  Hydralisk x2  
  122  12:23  Hydralisk  
  124  12:33  Zergling x2  
  124  12:34  Zergling x20  
  121  12:37  Baneling  
  121  12:39  Zergling x4  
  121  12:40  Zergling x4  
  120  12:46  Zergling x10  
  120  12:47  Zergling x2  
  123  12:54  Zergling x12  
  123  12:55  Baneling  
  123  12:56  Baneling x6  
  129  12:59  Zergling x2  
  129  13:00  Zergling x6  
Show
View Real Time Build Order
Export as new Build Order

soul Terran 

Build Orders: Gas First Reaper Expand, Reaper Expand, Bio Tank, Hellion Banshee 

Get SALT Encoding   

  12  0:00  SCV  
  13  0:13  SCV  
  14  0:17  Supply Depot  
  14  0:25  SCV  
  15  0:30  Refinery  
  15  0:39  SCV  
  16  0:45  Barracks  
  16  0:51  SCV  
  17  1:03  SCV  
  18  1:15  SCV  
  19  1:32  Reaper, Orbital Command  
  20  1:45  Command Center  
  20  1:55  Factory  
  20  1:58  SCV  
  21  2:08  Barracks Reactor  
  21  2:10  SCV  
  21  2:12  Supply Depot  
  22  2:18  Refinery  
  22  2:22  SCV  
  23  2:35  SCV  
  24  2:43  Starport  
  24  2:47  SCV  
  24  2:49  Hellion x2  
  29  2:56  Orbital Command  
  29  2:59  SCV  
  29  3:00  Barracks Tech Lab  
  30  3:11  Hellion, SCV  
  33  3:14  Hellion  
  35  3:23  SCV x2  
  37  3:30  Banshee  
  40  3:35  SCV  
  40  3:38  SCV  
  40  3:39  Hellion x2  
  45  3:47  Barracks Tech Lab, SCV  
  44  3:50  SCV  
  44  3:51  Supply Depot  
  45  3:59  SCV  
  46  4:06  Stimpack  
  46  4:13  SCV x2, Marine, Banshee  
  46  4:16  Supply Depot  
  52  4:25  Command Center  
  52  4:28  Barracks  
  52  4:31  SCV x2  
  53  4:32  Factory Tech Lab  
  53  4:35  Supply Depot  
  54  4:43  SCV  
  54  4:44  SCV  
  54  4:45  Marine  
  56  4:46  Barracks  
  55  4:55  SCV  
  55  4:57  Siege Tank  
  58  5:03  SCV, Marine  
  60  5:07  SCV  
  60  5:10  Starport Reactor  
  61  5:14  Engineering Bay  
  61  5:15  SCV  
  61  5:19  SCV, Marine  
  61  5:21  Marine  
  60  5:23  Marine  
  60  5:27  SCV  
  61  5:30  Siege Tank  
  61  5:31  SCV  
  63  5:36  Refinery  
  63  5:37  Marine  
  63  5:38  Supply Depot, Refinery  
  63  5:39  SCV, Marine  
  63  5:40  Engineering Bay  
  63  5:41  Terran Infantry Weapons Level 1  
  66  5:43  Barracks Reactor, Marine  
  66  5:44  SCV  
  68  5:51  Supply Depot, SCV  
  68  5:56  SCV  
  70  6:00  Medivac x2, Marine  
  70  6:03  SCV  
  76  6:04  Marine  
  76  6:05  Marine  
  76  6:09  Combat Shields  
  78  6:13  Supply Depot, SCV  
  78  6:15  SCV  
  78  6:17  Marine  
  81  6:19  Supply Depot  
  81  6:20  Orbital Command  
  81  6:22  Marine  
  81  6:23  Marine  
  81  6:25  SCV, Marine  
  85  6:26  Marine  
  85  6:27  SCV  
  87  6:32  Medivac  
  87  6:33  Medivac  
  87  6:35  Marine  
  87  6:39  SCV x2  
  94  6:40  Marine, Barracks  
  94  6:41  Barracks  
  95  6:50  Orbital Command  
  95  6:55  Supply Depot  
  95  6:56  Marine  
  95  6:59  Marine  
  95  7:00  Supply Depot  
  96  7:02  Medivac, Marine  
  96  7:07  Marine x2  
  94  7:14  Marine  
  89  7:17  Marine  
  89  7:20  Marine  
  89  7:21  SCV x3  
  94  7:25  Marine x2  
  90  7:32  Marine  
  90  7:33  SCV x3  
  90  7:35  Marine  
  95  7:38  Marine  
  95  7:41  Medivac  
  95  7:43  Marine x2  
  99  7:45  SCV  
  99  7:46  SCV x2  
  99  7:50  Marine  
  94  7:52  Barracks Reactor x2, Marine  
  94  7:53  Siege Tank  
  94  7:56  Marine  
  94  7:58  SCV x3  
  97  8:00  Armory  
  97  8:01  Marine x2  
  99  8:08  Marine  
  99  8:10  SCV, Marine  
  97  8:14  SCV x2, Marine  
  97  8:19  Supply Depot, Marine x2  
  98  8:20  Supply Depot  
  98  8:26  Marine  
  99  8:28  Marine  
  99  8:32  Marine  
  101  8:35  Factory, Marine  
  101  8:36  Command Center, Marine x4  
  101  8:37  Marine  
  101  8:39  Terran Infantry Armor Level 1  
  101  8:40  SCV  
  108  8:43  Supply Depot, Marine  
  108  8:44  Supply Depot  
  108  8:46  Marine  
  110  8:49  Marine  
  110  8:53  Marine  
  110  8:54  Terran Infantry Weapons Level 2, Marine x5  
  117  9:01  Marine  
  118  9:03  Siege Tank  
  118  9:04  Marine  
  118  9:06  Medivac x2  
  118  9:07  Marine  
  125  9:11  Marine  
  125  9:12  Marine x3  
  125  9:15  Marine x2  
  115  9:19  Liberator x2, SCV  
  115  9:24  SCV x2  
  115  9:29  Marine, Siege Tank  
  121  9:32  Marine  
  121  9:34  Marine  
  121  9:35  Marine x3, Siege Tank  
  127  9:44  SCV  
  128  9:46  Supply Depot  
  128  9:47  Marine  
  128  9:51  SCV x2  
  129  9:53  Marine  
  129  9:54  Marine x4  
  129  9:57  Marine  
  135  10:01  Siege Tank  
  135  10:05  SCV x3  
  141  10:07  Siege Tank  
  141  10:10  Marine x3  
  141  10:11  Marine  
  141  10:12  Marine  
  145  10:17  Marine x4  
  145  10:20  Liberator  
  143  10:28  Marine x3  
  136  10:29  Marine  
  136  10:30  Marine  
  136  10:33  Siege Tank  
  136  10:34  Marine  
  136  10:35  Marine x3  
  147  10:38  Planetary Fortress  
  147  10:40  SCV  
  147  10:41  SCV  
  152  10:46  SCV, Marine x3  
  152  10:47  Marine  
  157  10:50  Siege Tank  
  157  10:52  Marine x2  
  157  10:54  Marine  
  162  10:58  Terran Infantry Armor Level 2  
  162  10:59  Marine  
  162  11:00  SCV  
  163  11:05  Marine  
  163  11:06  Marine  
  163  11:07  Marine x2  
  163  11:09  Marine  
  163  11:10  Terran Vehicle Weapons Level 1, Marine  
  170  11:14  Marine  
  170  11:16  Barracks  
  169  11:25  Supply Depot  
  169  11:28  Marine  
  169  11:29  Marine  
  168  11:34  Marine x2  
  168  11:35  Marine, Siege Tank  
  168  11:36  Marine  
  168  11:39  Marine x3  
  172  11:46  Marine  
  144  11:47  Marine  
  144  11:51  Marine  
  144  11:52  Marine  
  144  11:53  Marine  
  138  11:54  Marine  
  138  11:57  Marine x3  
  138  12:00  Orbital Command  
  132  12:04  Marine  
  132  12:05  Marine  
  93  12:09  Marine x2  
  93  12:11  Marine  
  93  12:12  Marine  
  93  12:15  Marine  
  71  12:20  Marine  
  64  12:23  Orbital Command  
  38  12:52  Marine  
  38  12:56  Marine  
  40  12:58  Marine  
  40  13:05  Marine x2  
Tags
 
Add a new tag
Caveats
  • Supply blocks, unpowered buildings, or Contaminate may cause inaccurate times.
  • Supply counts are checked every 10 seconds.